 Dungeon Crawl Stone Soup version 0.32-a0-30-gefbe487952 (webtiles) character file.

Game seed: 215468398132557920

326 IdlyInterested the Trooper (level 6, 0/51 HPs)
             Began as a Demonspawn Gladiator on Jan 19, 2024.
             Killed from afar by a white imp (2 damage)
             ... with a puff of frost
             ... on level 4 of the Dungeon.
             The game lasted 00:14:20 (3194 turns).

IdlyInterested the Trooper (Demonspawn Gladiator)   Turns: 3194, Time: 00:14:21

Health: 0/51       AC:  8    Str: 16    XL:     6   Next: 24%
Magic:  6/6        EV:  5    Int: 11    God:
Gold:   160        SH:  0    Dex: 14    Spells: 5/5 levels left

rFire   . . .        m - +0 dagger (drain)
rCold   . . .        (no shield)
rNeg    . . .        t - +0 plate armour
rPois   .            i - +2 hat
rElec   +            (no cloak)
rCorr   .            (no gloves)
SInv    .            g - +0 pair of boots
Will    .....        (no amulet) Stlth
                     (no ring)
HPRegen 0.28/turn    (no ring)
MPRegen 0.10/turn

%: no passive effects
@: no status effects
A: powered by death 3, big brain 1, deformed body, electricity resistance,
MP-powered wands
a: no special abilities


You were on level 4 of the Dungeon.
You visited 2 branches of the dungeon, and saw 5 of its levels.

You collected 160 gold pieces.

Inventory:

Hand Weapons
 h - a +0 mace
 k - a +0 long sword
 m - a +0 dagger of draining (weapon)
 n - a +0 spear
Missiles
 c - 3 throwing nets
 d - a javelin
 j - 8 stones (quivered)
Armour
 f - a +0 ring mail
 g - a +0 pair of boots (worn)
 i - a +2 hat (worn)
 t - a +0 plate armour (worn)
Talismans
 b - a flux talisman
Scrolls
 q - a scroll of enchant armour {unknown}
 r - a scroll of revelation
 s - 3 scrolls of teleportation
 u - 2 scrolls of amnesia
 w - a scroll of blinking
Potions
 a - 2 potions of enlightenment
 e - a potion of curing
 l - a potion of lignification {unknown}
 o - a potion of mutation
 p - a potion of resistance
 v - a potion of heal wounds {unknown}


   Skills:
 * Level 5.6 Fighting
 - Level 2.0 Throwing
 - Level 2.0 Armour
 - Level 3.0 Dodging
 - Level 1.0 Stealth
 - Level 2.6 Unarmed Combat
 - Level 1.0 Evocations


You had 5 spell levels left.
You didn't know any spells.
Your spell library was empty.

Dungeon Overview and Level Annotations

Branches:
Dungeon (4/15)             Temple (1/1) D:4

Altars:
Ashenzari
Cheibriados
Fedhas
Gozag
Hepliaklqana
Okawaru
Ru
Trog
Uskayaw
Vehumet
Wu Jian
Yredelemnul

Shops:
D:1 (=


Innate Abilities, Weirdness & Mutations

You regenerate a lot of health from kills.
You have an unusually large brain. (Int +2)
Armour fits poorly on your strangely shaped body.
You are resistant to electric shocks. (rElec)
You expend magic power (3 MP) to strengthen your wands.


Message History

The white imp shouts, "Return whence thou came, thou ducking pigeon-egg apple-john!"
The white imp gestures at you. The puff of frost hits you!
You hit the white imp but do no damage.
The white imp is severely wounded.
The white imp gestures at you. The puff of frost hits you!
* * * LOW HITPOINT WARNING * * *
You hit the white imp but do no damage. Your punch misses the white imp.
The white imp is severely wounded.
The white imp hits you but does no damage.
You closely miss the white imp.
The white imp is severely wounded.
The white imp gestures at you. The puff of frost misses you.
You hit the white imp but do no damage.
The white imp is severely wounded.
The white imp barely misses you.
You closely miss the white imp.
The white imp is severely wounded.
The white imp gestures at you.
The puff of frost hits you but does no damage.
You closely miss the white imp.
You punch the white imp, but do no damage.
The white imp is severely wounded.
The white imp barely misses you.
You closely miss the white imp.
The white imp is severely wounded.
The white imp hits you but does no damage.
You hit the white imp but do no damage.
The white imp is severely wounded.
The white imp hits you.
* * * LOW HITPOINT WARNING * * *
The white imp freezes you.
* * * LOW HITPOINT WARNING * * *
You hit the white imp.
The white imp is almost dead.
The white imp gestures at you. The puff of frost hits you.
You die...

.........................>....#.#
......###.######.#............#.#
.......................#..#####.#
#####.........#######............
..§###.....###.....##.#...####.#
≈§...##...##...≈≈≈.(#........#.#
§≈≈...........≈≈≈≈≈.#.#...##.#.#
§§...##...##...≈≈≈./#.#......#.#
...###.....###.@5..##........#.#
#####.........#######..#...<#.#.#
........[...................#.#.#
#########...####.#..#####.....#.#
...# ######..................#
...# ##........#######........
...# ##..#...##..# #...........
...#####....#.#..#.# #.#..##.##..
.........#..#....#.###.#...#.#...


You could see a white imp.

Vanquished Creatures
  An ogre (D:3)
  A phantom (D:4)
  A howler monkey (D:3)
  6 adders
  A ribbon worm (D:3)
  2 dart slugs
  3 orcs
  9 endoplasms
  3 giant cockroaches
  6 goblins
  5 hobgoblins
  2 jackals (D:1)
  6 quokkas
  6 ball pythons
  5 bats
  4 frilled lizards
  6 kobolds
  7 rats
74 creatures vanquished.

Notes
Turn   | Place    | Note
-------+----------+-------------------------------------------
     0 | D:1      | IdlyInterested the Demonspawn Gladiator began the quest for
                  | the Orb.
     0 | D:1      | Reached XP level 1. HP: 16/16 MP: 1/1
   172 | D:1      | Found a faded altar of an unknown god.
   226 | D:1      | Found Nywn's Jewellery Shoppe.
   384 | D:1      | Gained mutation: You have an unusually large brain. (Int
                  | +2) [demonic ancestry]
   384 | D:1      | Reached XP level 2. HP: 19/22 MP: 2/2
   607 | D:1      | Found Luph's Antique Weapon Boutique.
  1086 | D:1      | Reached XP level 3. HP: 27/27 MP: 3/3
  1184 | D:2      | Reached skill level 3 in Fighting
  1184 | D:2      | Reached skill level 1 in Armour
  1493 | D:2      | Gained mutation: You regenerate a little health from kills.
                  | [demonic ancestry]
  1493 | D:2      | Reached XP level 4. HP: 35/35 MP: 4/4
  1702 | D:2      | Reached skill level 1 in Stealth
  2186 | D:3      | Reached skill level 4 in Fighting
  2195 | D:3      | Reached skill level 1 in Evocations
  2195 | D:3      | Gained mutation: You regenerate health from kills. [demonic
                  | ancestry]
  2195 | D:3      | Reached XP level 5. HP: 43/43 MP: 5/5
  2281 | D:3      | Noticed an ogre
  2289 | D:3      | HP: 2/43 [ogre/+0 giant club (2)]
  2325 | D:3      | Killed an ogre
  2326 | D:3      | Reached skill level 5 in Fighting
  2436 | D:3      | Found a hazy altar of Hepliaklqana.
  2774 | D:4      | Gained mutation: You are resistant to electric shocks.
                  | (rElec) [potion of mutation]
  2774 | D:4      | Gained mutation: Armour fits poorly on your strangely
                  | shaped body. [potion of mutation]
  2774 | D:4      | Gained mutation: You expend magic power (3 MP) to
                  | strengthen your wands. [potion of mutation]
  2778 | D:4      | Noticed a phantom
  2780 | D:4      | Found a staircase to the Ecumenical Temple.
  2817 | D:4      | Killed a phantom
  2818 | D:4      | Gained mutation: You regenerate a lot of health from kills.
                  | [demonic ancestry]
  2818 | D:4      | Reached XP level 6. HP: 18/51 MP: 6/6
  2947 | Temple   | Entered the Ecumenical Temple
  3193 | D:4      | HP: 2/51 [white imp (4)]
  3194 | D:4      | Killed from afar by a white imp

Illustrated notes

Levels and vault maps discovered:
D:1:      minmay_arrival_four_circles, layout_loops_corners, serial_shops, shop,
          shop, hellmonk_ecumenical_altar_pennies_from_heaven
D:2:      layout_basic, serial_forest, infiniplex_forest_lined_corner,
          infiniplex_forest_clump_medium, infiniplex_forest_lined_room_2,
          infiniplex_forest_clump_small, infiniplex_forest_clump_long,
          infiniplex_forest_straight_5, infiniplex_forest_lined_3,
          infiniplex_forest_straight_2
D:3:      cheibrodos_helix_gallery, layout_rooms, lemuel_round_altar,
          kennysheep_generic_room_14
D:4:      layout_basic, mainiacjoe_overflow_small_starburst,
          minmay_temple_entry_mini_moons, minmay_fire_ice_demons
Temple:   nicolae_temple_no_exploring_needed

Skill      XL: |  1  2  3  4  5 |
---------------+----------------+-----
Throwing       | 2 |  2.0
Dodging        | 3 |  3.0
Fighting       | 3 4 5 |  5.6
Armour         | 1 2 |  2.0
Stealth        | 1 |  1.0
Evocations     | 1 |  1.0
Unarmed Combat | |  2.6

Action                     |  1- 3 |  4- 6 || total
---------------------------+-------+-------++-------
  Melee: Unarmed           |    97 |       ||    97
         Dagger            |    53 |   163 ||   216
         Punch             |     3 |     5 ||     8
  Throw: Stone             |       |    15 ||    15
         Javelin           |       |     1 ||     1
    Use: Scroll            |       |     9 ||     9
         Potion            |       |     4 ||     4
 Armour: Ring mail         |    83 |     1 ||    84
         Leather armour    |     1 |       ||     1
         Plate armour      |       |   134 ||   134
  Dodge: Dodged            |   100 |    41 ||   141

Table legend: (Time is in decaauts)
 A = Elapsed time spent in this place.
 B = Non-inter-level travel time spent in this place.
 C = Inter-level travel time spent in this place.
 D = Time resting spent in this place.
 E = Time spent auto-exploring this place.
 F = Levels seen in this place.
 G = Mean time per level.
                   A        B        C        D        E       F      G
               +--------+--------+--------+--------+--------+-----+--------+
         Total |   3191 |   2922 |    269 |    447 |   1584 |   5 |  638.2 |
       Dungeon |   3189 |   2920 |    269 |    447 |   1584 |   4 |  797.2 |
        Temple |      1 |      1 |      0 |      0 |      0 |   1 |    1.0 |
               +--------+--------+--------+--------+--------+-----+--------+

Top non-repeatable levels by time:
     D:1: 1212 daAuts
     D:2: 726 daAuts
     D:3: 640 daAuts
     D:4: 610 daAuts
  Temple: 1 daAuts
